 Dungeon Crawl Stone Soup version 0.27.0-1-g7a089689b8 (webtiles) character file.

Game seed: 10009161893587061056

168 robertstho the Magician (level 5, -1/35 HPs)
             Began as a Djinni Fire Elementalist on Aug 5, 2021.
             Slain by a gnoll sergeant (3 damage)
             ... on level 3 of the Dungeon.
             The game lasted 00:03:41 (3087 turns).

robertstho the Magician (Djinni Fire Elementalist)  Turns: 3087, Time: 00:03:42

Health: -1/35      AC:  2    Str:  7    XL:     5   Next: 77%
Gold:   111        EV: 12    Int: 17    God:
                   SH:  0    Dex: 14

rFire    + + .     SeeInvis .   c - +0 spear
rCold    x . .     Faith    .   (no shield)
rNeg     . . .     Spirit   .   a - +0 robe
rPois    ∞         Reflect  .   (no helmet)
rElec    .         Harm     .   (no cloak)
rCorr    .         Rampage  .   (no gloves)
Will     .....                  (boots unavailable)
Stlth    ++........             (no amulet)
HPRegen  0.11/turn              (no ring)
MPRegen  0.00/turn              (no ring)

@: flying
A: sickness immunity, fire resistance 2, cold vulnerability 1, float, innate
caster, hp casting, extra vitality 1
a: no special abilities


You were on level 3 of the Dungeon.
You visited 1 branch of the dungeon, and saw 3 of its levels.

You collected 111 gold pieces.

Inventory:

Hand Weapons
 c - a +0 spear (weapon)
Armour
 a - a +0 robe (worn)
Wands
 d - a wand of charming (6)
 j - a wand of flame (26)
Scrolls
 e - a scroll of immolation
 h - a scroll of amnesia
 i - a scroll of enchant armour {unknown}
Potions
 b - a potion of curing
 f - a potion of mutation {unknown}
 g - 3 potions of lignification {unknown}


   Skills:
 + Level 0.2 Fighting
 + Level 0.2 Polearms
 + Level 2.5 Dodging
 + Level 2.6 Stealth
 + Level 4.1 Spellcasting


You couldn't memorise any spells.
You knew the following spells:

 Your Spells              Type           Power      Damage    Failure   Level
a - Foxfire               Conj/Fire      68%        2x1d7     3%          1
b - Conjure Flame         Conj/Fire      17%        6-21      9%          3
c - Inner Flame           Hex/Fire       17%        N/A       9%          3
d - Sticky Flame          Conj/Fire      17%        2d4       28%         4
e - Fireball              Conj/Fire      8%         3d6       63%         5
f - Sting                 Tmut/Pois      68%        1d6       3%          1
g - Corpse Rot            Necr/Air       N/A        N/A       4%          2
Your spell library was empty.

Dungeon Overview and Level Annotations

Branches:
Dungeon (3/15)

Altars:
Dithmenos

Annotations:
D:2 Sigmund


Innate Abilities, Weirdness & Mutations

You are immune to sickness and miasma.
You are immune to poison.
Your flesh is very heat resistant. (rF++)
You are vulnerable to cold. (rC-)
You float through the air rather than walking.
You learn spells naturally, not from books.
Your magical power is your life essence.
You have superior vitality. (+4 HP)


Message History

There is not enough space to conjure foxfire!
Unknown command.
The foxfire hits the gnoll.
The gnoll is almost dead.
The foxfire hits the gnoll.
You kill the gnoll!
The foxfire hits the gnoll sergeant.
The gnoll sergeant is lightly wounded.
Casting: Foxfire (safe; 3% risk of failure)
Press: ? - help, Q - select action, (/) - cycle Dir - look around, f - activate You conjure some foxfire!
The foxfire hits the gnoll sergeant.
The gnoll sergeant is lightly wounded.
Unknown command.
The foxfire hits the gnoll sergeant but does no damage.
The gnoll sergeant is lightly wounded.
The foxfire hits the gnoll sergeant.
The gnoll sergeant is lightly wounded.
Casting: Foxfire (safe; 3% risk of failure)
Press: ? - help, Q - select action, (/) - cycle Dir - look around, f - activate You conjure some foxfire!
The gnoll sergeant closely misses you.
Unknown command.
The foxfire hits the gnoll sergeant.
The gnoll sergeant is moderately wounded.
The foxfire hits the gnoll sergeant.
The gnoll sergeant is moderately wounded.
The gnoll sergeant hits you from afar with a +2 vorpal spear!
Casting: Foxfire (safe; 3% risk of failure)
Press: ? - help, Q - select action, (/) - cycle Dir - look around, f - activate You conjure some foxfire!
The gnoll sergeant hits you from afar with a +2 vorpal spear!
* * * LOW HITPOINT WARNING * * *
x2 Unknown command.
The foxfire hits the gnoll sergeant.
The gnoll sergeant is moderately wounded.
The foxfire hits the gnoll sergeant.
The gnoll sergeant is heavily wounded.
The gnoll sergeant hits you from afar with a +2 vorpal spear.
You die... ##.###.# #..##.# ########.....# . #.....##...### .. ####.....##.#.## gg.

#..'.....'..#..# ....
#.##.....#####.# §....
###.##.....#####§####g.....
.....'.....'...§@.gggg..>..
.##.##.....######.####+####
.##.##.....# #.#
.##.##.....# #.#
.##.######## #.. .##.# ##.
.##.# .# .##.# .# .##.#


You could see a gnoll sergeant and 4 gnolls.

Vanquished Creatures
  Natasha (thrice) (D:2)
  An orc wizard (D:3)
  A hound skeleton (D:3)
  A gnoll (D:3)
  A worm (D:3)
  2 orcs (D:3)
  5 ball pythons
  4 endoplasms
  A giant cockroach (D:1)
  3 goblins
  4 hobgoblins
  2 quokkas
  6 bats
  2 frilled lizards (D:2)
  4 kobolds
  2 rats (D:2)
42 creatures vanquished.

Vanquished Creatures (others)
  201 foxfires
201 creatures vanquished.

Grand Total: 243 creatures vanquished

Notes
Turn   | Place    | Note
-------+----------+-------------------------------------------
     0 | D:1      | robertstho the Djinni Fire Elementalist began the quest for
                  | the Orb.
     0 | D:1      | Reached XP level 1. HP: 15/15 MP: 0/0
   445 | D:1      | Reached XP level 2. HP: 21/21 MP: 0/0
   592 | D:1      | Found a faded altar of an unknown god.
  1130 | D:2      | Reached skill level 3 in Spellcasting
  1141 | D:2      | Reached XP level 3. HP: 17/25 MP: 0/0
  1141 | D:2      | Learned a level 1 spell: Sting
  1451 | D:2      | Noticed Natasha
  1486 | D:2      | Killed Natasha
  1487 | D:2      | Reached XP level 4. HP: 16/31 MP: 0/0
  1523 | D:2      | Noticed Natasha
  1525 | D:2      | Killed Natasha
  1867 | D:2      | Noticed Natasha
  1875 | D:2      | Killed Natasha
  1876 | D:2      | Reached XP level 5. HP: 10/35 MP: 0/0
  1876 | D:2      | Learned a level 2 spell: Corpse Rot
  2238 | D:2      | Noticed Sigmund
  2618 | D:3      | Found a shadowy altar of Dithmenos.
  2997 | D:3      | Reached skill level 4 in Spellcasting
  3087 | D:3      | Slain by a gnoll sergeant

Illustrated notes

Levels and vault maps discovered:
D:1:      kilobyte_arrival_exit_the_forest, layout_rooms,
          hellmonk_ecumenical_altar_arch_garden
D:2:      layout_basic, uniq_natasha, uniq_sigmund
D:3:      layout_basic, mainiacjoe_overflow_alcove_2, yredelemnul_altar_generic

Skill      XL: |  1  2  3  4  5 |
---------------+----------------+-----
Spellcasting   | 3 4 |  4.1
Stealth        | 2 |  2.6
Fighting       | |  0.2
Polearms       | |  0.2
Dodging        | |  2.5

Action                   |  1- 3 |  4- 6 || total
-------------------------+-------+-------++-------
Melee: Spear             |     1 |     3 ||     4
 Cast: Foxfire           |    57 |    69 ||   126
  Use: Scroll            |     3 |       ||     3
       Potion            |       |     1 ||     1
 Stab: Sleeping          |     1 |       ||     1
Armor: Robe              |     2 |     3 ||     5
Dodge: Dodged            |     6 |    11 ||    17
